 Dungeon Crawl Stone Soup version 0.17-a0-819-gf98af59 (webtiles) character file.

1588 FedoraBrony69 the Thaumaturge (level 8, -6/41 HPs)
             Began as a Deep Elf Conjurer on Apr 26, 2015.
             Was an Initiate of Vehumet.
             Hit by a tomahawk thrown by an orc warrior (15 damage)
             ... on level 7 of the Dungeon.
             The game lasted 00:17:17 (5777 turns).

FedoraBrony69 the Thaumaturge (Deep Elf Conjurer)   Turns: 5777, Time: 00:17:17

Health: -6/41      AC:  4    Str:  7    XL:     8   Next: 61%
Magic:  3/22       EV: 13    Int: 28    God:    Vehumet [......]
Gold:   153        SH:  0    Dex: 19    Spells: 4 memorised, 9 levels left

rFire  . . .     SeeInvis .     D - +6 trident of Ascent {venom, rN+ Dex+4}
rCold  . . .     Clarity  .     a - +0 robe
rNeg   + . .     SustAb   .     (no shield)
rPois  +         Gourm    .     h - +0 helmet
rElec  .         Spirit   .     (no cloak)
rCorr  .         Warding  .     (no gloves)
rMut   .         Stasis   .     z - +0 pair of boots
MR     .....                    H - amulet of faith
Stlth  ++........               w - ring of poison resistance
                                G - +2 ring of strength

@: brilliant, not resistant to hostile enchantments, unstealthy
A: no striking features
a: Renounce Religion


You were on level 7 of the Dungeon.
You worshipped Vehumet.
Vehumet was noncommittal.
You were not hungry.

You visited 2 branches of the dungeon, and saw 8 of its levels.

You collected 420 gold pieces.
You spent 267 gold pieces at shops.

Inventory:

Hand weapons
 o - a +2 trident of protection
 D - the +6 trident of Ascent (weapon) {venom, rN+ Dex+4}
   (You found it on level 5 of the Dungeon)

   It poisons the flesh of those it strikes.
   It affects your dexterity (+4).
   It protects you from negative energy.
Armour
 a - a +0 robe (worn)
 h - a +0 helmet (worn)
 q - a +0 buckler
 z - a +0 pair of boots (worn)
Jewellery
 n - an uncursed amulet of warding
 w - a ring of poison resistance (right hand)
 G - a +2 ring of strength (left hand)
 H - an amulet of faith (around neck)
Scrolls
 d - a scroll of magic mapping
 g - 4 scrolls of amnesia
 i - 3 scrolls of enchant armour
 l - 6 scrolls of teleportation
 p - a scroll of fog
 t - 2 scrolls of noise
 v - 3 scrolls of recharging
 B - 2 scrolls of identify
Potions
 e - a potion of brilliance
 j - a potion of agility
 k - 3 potions of haste {unknown}
 m - 3 potions of restore abilities {unknown}
 s - 4 potions of curing {unknown}
 u - a potion of flight {unknown}
 x - a potion of mutation {unknown}
 C - a potion of poison {unknown}
 F - 2 potions of might
Books
 b - a book of Conjurations

   Spells                             Type                      Level
   a - Magic Dart                     Conjuration                  1
   b - Searing Ray                    Conjuration                  2
   c - Dazzling Spray                 Conjuration/Hexes            3
   d - Fulminant Prism                Conjuration/Hexes            4
   e - Iskenderun's Mystic Blast      Conjuration                  4
   f - Iskenderun's Battlesphere      Conjuration/Charms           5
 y - a book of the Tempests

   Spells                             Type                      Level
   a - Static Discharge               Conjuration/Air              3
   b - Lightning Bolt                 Conjuration/Air              5
   c - Fireball                       Conjuration/Fire             5
   d - Tornado                        Air                          9
   e - Shatter                        Earth                        9
Comestibles
 c - 5 bread rations
 f - a meat ration
 r - 2 chunks of flesh
 A - 2 beef jerkies


   Skills:
 - Level 2.4 Dodging
 - Level 2.4 Stealth
 + Level 0.8 Shields
 + Level 8.8 Spellcasting
 + Level 8.2 Conjurations
 - Level 8.0 Charms
 * Level 1.9 Fire Magic


You had 9 spell levels left.
You knew the following spells:

 Your Spells              Type           Power        Failure   Level  Hunger
a - Magic Dart            Conj           ####         1%          1    None
b - Iskenderun's Battles  Conj/Chrm      ######..     1%          5    ####...
c - Iskenderun's Mystic   Conj           ######..     1%          4    #......
d - Fireball              Conj/Fire      ######....   2%          5    ####...


Dungeon Overview and Level Annotations

Branches:
Dungeon (7/15)             Temple (1/1) D:6

Altars:
Ashenzari
Cheibriados
Elyvilon
Fedhas
Gozag
Kikubaaqudgha
Makhleb
Nemelex Xobeh
Okawaru
Ru
Trog
Vehumet
Xom
Zin
The Shining One

Shops:
D:3 *   D:5 *


Message History

The tomahawk hits you.
* * * LOW HITPOINT WARNING * * *
Read which item? (? for menu, Esc to quit)
Okay, then.
Unknown command.
Drink which item? (? for menu, Esc to quit)
It was a potion of brilliance.
You feel clever all of a sudden.
The orc warrior throws a tomahawk.
The tomahawk hits you but does no damage.
Casting: Iskenderun's Mystic Blast
Confirm with . or Enter, or press ? or * to list all spells.
Aiming: Iskenderun's Mystic Blast
Press: ? - help, Shift-Dir - straight line, f - jackal zombie, p - orc warrior
Aim: a jackal zombie The orb of energy hits the jackal zombie.
You destroy the jackal zombie!
Vehumet accepts your kill.
The orc warrior throws a tomahawk.
The tomahawk hits you!
You die...

.#.# .#.## ... ...
#.# #.# ##### #<#
...# #.# (.####.##
#@#
$........######.##
#........[.#
#..####....o....#
#..# #.#..##...
#..# #.#=.# o#
#..# #.#..# . #..#
#.#..# #..# #/...#


You could see an orc warrior.

Vanquished Creatures
  Prince Ribbit (D:6)
  A sky beast (D:4)
  An orc warrior (D:7)
  A phantom (D:7)
  The ghost of Torrence the Charmwright, an average HESk of Okawaru (D:4)
  2 ogres (D:4)
  A centaur (D:6)
  2 scorpions
  4 jellies
  5 crimson imps
  An orc priest (D:5)
  A giant frog skeleton (D:4)
  A hound (D:6)
  2 orc wizards
  A hound zombie (D:6)
  6 adders
  3 gnolls (D:5)
  2 shadow imps
  2 oozes
  4 worms
  4 giant geckos (D:1)
  15 orcs
  4 ball pythons
  A bat zombie (D:5)
  8 giant cockroaches
  11 hobgoblins
  8 jackals
  A quokka (D:4)
  9 bats
  7 giant newts
  A giant spore (D:6)
  11 goblins
  A jackal zombie (D:7)
  13 kobolds
  A quokka skeleton (D:4)
  A quokka zombie (D:5)
  12 rats
150 creatures vanquished.

Notes
Turn   | Place    | Note
--------------------------------------------------------------
     0 | D:1      | FedoraBrony69, the Deep Elf Conjurer, began the quest for the Orb.
     0 | D:1      | Reached XP level 1. HP: 10/10 MP: 6/6
   144 | D:1      | Reached XP level 2. HP: 15/15 MP: 0/8
   452 | D:1      | Reached XP level 3. HP: 15/19 MP: 7/10
   681 | D:1      | Reached skill level 5 in Conjurations
  1580 | D:2      | Reached XP level 4. HP: 24/24 MP: 3/12
  1877 | D:2      | Found a snail-covered altar of Cheibriados.
  1877 | D:2      | Found an ancient bone altar of Kikubaaqudgha.
  2063 | D:3      | Found Zin's Purification Station.
  2064 | D:3      | Found a glowing silver altar of Zin.
  2078 | D:3      | Reached skill level 5 in Spellcasting
  2518 | D:3      | Reached XP level 5. HP: 28/28 MP: 9/14
  2524 | D:3      | Learned a level 4 spell: Iskenderun's Mystic Blast
  2530 | D:3      | Learned a level 5 spell: Iskenderun's Battlesphere
  2585 | D:4      | Noticed an ogre
  2588 | D:4      | Killed an ogre
  2588 | D:4      | Reached skill level 6 in Conjurations
  2760 | D:4      | Reached skill level 1 in Charms
  2866 | D:4      | Noticed Torrence's ghost (average HESk)
  2938 | D:4      | Reached XP level 6. HP: 32/32 MP: 14/17
  3277 | D:4      | Killed Torrence's ghost
  3290 | D:4      | Noticed an ogre
  3299 | D:4      | Killed an ogre
  3299 | D:4      | Reached XP level 7. HP: 25/36 MP: 1/19
  3412 | D:5      | Entered Level 5 of the Dungeon
  3428 | D:4      | Reached skill level 5 in Charms
  3766 | D:4      | Reached skill level 7 in Spellcasting
  4066 | D:5      | Got a brightly glowing trident
  4067 | D:5      | Identified the +6 trident of Ascent {venom, rN+ Dex+4} (You found it on level 5 of the Dungeon)
  4093 | D:5      | Found Seacw's Assorted Antiques.
  4103 | D:5      | Bought a scroll labeled HONWED JAGOIR for 25 gold pieces
  4103 | D:5      | Bought 2 emerald potions for 45 gold pieces
  4103 | D:5      | Bought a scroll labeled FEMIRATRAU for 25 gold pieces
  4103 | D:5      | Bought an onyx ring for 125 gold pieces
  4103 | D:5      | Bought a fizzy white potion for 22 gold pieces
  4103 | D:5      | Bought a scroll labeled FEMIRATRAU for 25 gold pieces
  4565 | D:6      | Noticed Prince Ribbit
  4571 | D:6      | Killed Prince Ribbit
  4571 | D:6      | Reached XP level 8. HP: 41/41 MP: 2/21
  4664 | D:6      | Reached skill level 8 in Spellcasting
  4885 | D:6      | Learned a level 5 spell: Fireball
  5184 | D:6      | Found a staircase to the Ecumenical Temple.
  5193 | Temple   | Entered the Ecumenical Temple
  5256 | Temple   | Became a worshipper of Vehumet
  5479 | D:7      | Reached skill level 1 in Fire Magic
  5777 | D:7      | Hit by a tomahawk thrown by an orc warrior

Action                   |  1- 3 |  4- 6 |  7- 9 || total
-------------------------+-------+-------+-------++-------
Melee: Unarmed           |     7 |       |       ||     7
       Trident           |       |    17 |    10 ||    27
 Cast: Magic Dart        |    88 |    86 |   143 ||   317
       Iskenderun's Myst |       |    12 |    30 ||    42
  Use: Scroll            |       |       |    13 ||    13
       Potion            |       |       |     1 ||     1
  Eat: Chunk             |     1 |     6 |    10 ||    17
       Pizza             |       |       |     1 ||     1
